 Dungeon Crawl Stone Soup version 0.30-a0-965-g42e074c17a (webtiles) character file.

Game seed: 15117094913489678203

19 LobsterGuardian the Vexing (level 2, -4/11 HPs)
             Began as a Felid Enchanter on Mar 31, 2023.
             Slain by a worm (10 damage)
             ... on level 2 of the Dungeon.
             The game lasted 00:02:09 (284 turns).

LobsterGuardian the Vexing (Felid Enchanter)         Turns: 284, Time: 00:02:09

Health: -4/11      AC:  1    Str:  4    XL:     2   Next: 55%
Magic:  1/6        EV: 17    Int: 16    God:
Gold:   0          SH:  0    Dex: 16    Spells: 3/5 levels left
                                        Lives:  0   Deaths: 0

rFire   . . .      SeeInvis +      - Unarmed
rCold   . . .      Faith    .    (shield unavailable)
rNeg    . . .      Spirit   .    (body armour unavailable)
rPois   .          Reflect  .    (helmet unavailable)
rElec   .          Rampage  .    (cloak unavailable)
rCorr   .                        (gloves unavailable)
Will    .....                    (boots unavailable)
Stlth   +++                      (no amulet)
HPRegen 0.21/turn                (no ring)
MPRegen 0.10/turn                (no ring)

@: quick
A: very small, claws 1, fangs 3, see invisible, speed 1, shaggy fur 1, stealthy
paws, no weapons or thrown items, no armour, multi-lived
a: no special abilities


You were on level 2 of the Dungeon.
You visited 1 branch of the dungeon, and saw 2 of its levels.

Inventory:

Scrolls
 e - 2 scrolls of identify {unknown}
 f - a scroll of fear {unknown}
Potions
 a - 2 potions of invisibility
 b - a potion of ambrosia {unknown}
 c - a potion of magic {unknown}
 d - a potion of heal wounds {unknown}


   Skills:
 + Level 3.0 Dodging
 + Level 4.2 Stealth
 + Level 1.1 Unarmed Combat
 + Level 2.0 Spellcasting
 * Level 5.1 Hexes


You had 3 spell levels left.
You knew the following spells:

 Your Spells              Type           Power      Damage    Failure   Level
a - Ensorcelled Hibernat  Hex/Ice        20%        N/A       11%         2

Your spell library contained the following spells:

 Spells                   Type           Power      Damage    Failure   Level
 Confusing Touch          Hex            18%        N/A       8%          3
 Tukima's Dance           Hex            18%        N/A       8%          3
 Dazzling Flash           Conj/Hex       18%        N/A       22%         3
 Gell's Gravitas          Tloc           1%         N/A       52%         3
 Teleport Other           Tloc           1%         N/A       52%         3
 Dispersal                Tloc           0%         N/A       100%        6


Dungeon Overview and Level Annotations

Branches:
Dungeon (2/15)

Altars:


Innate Abilities, Weirdness & Mutations

You have sharp claws.
You have razor-sharp teeth.
You have supernaturally acute eyesight. (SInv)
You cover ground quickly. (Speed+)
You are covered in fur. (AC +1)
Your paws help you pounce on unaware monsters.
You are incapable of wielding weapons or throwing items.
You cannot wear armour.
You gain extra lives every three experience levels.


Message History

Found a ring mail.
You pounce on the unaware helpless adder!
You claw the adder!
The adder is almost dead.
The adder bites you but does no damage. The adder misses you.
You scratch the adder.
You kill the adder!
Casting: Ensorcelled Hibernation (safe; 11% risk of failure)
Confirm with . or Enter, or press ? or * to list all spells.
You don't have enough magic to cast this spell.
Found a scroll labelled XOBOOWE PANOTY.
Casting: Ensorcelled Hibernation (safe; 11% risk of failure)
Confirm with . or Enter, or press ? or * to list all spells.
Aiming: Ensorcelled Hibernation (safe; 11% risk of failure)
Press: ? - help, Shift-Dir - straight line, f/p - worm
Aim: a worm (chance to affect: 52%)
The worm looks drowsy...
You scratch the worm. You bite the worm.
The worm is moderately wounded.
The worm completely misses you.
You barely miss the worm.
The worm is moderately wounded.
The worm bites you.
You scratch the worm.
The worm is heavily wounded.
You completely miss the worm.
The worm is heavily wounded.
The worm completely misses you.
You barely miss the worm. You bite the worm.
The worm is heavily wounded.
You scratch the worm.
The worm is heavily wounded.
The worm bites you.
You barely miss the worm.
The worm is heavily wounded.
You scratch the worm but do no damage. You bite the worm.
The worm is severely wounded.
The worm bites you!
Ouch! That really hurt!
You die...

##########
##........######
#...@w.........#
.........####.####.#
#####.?..# #.# #.#
.......# #.# #.#
####.#.####.####w#
#.#.........#†#
#.##. #[#....######
#. .# #.#.#........
.[#....######


You could see a worm.

Vanquished Creatures
  An adder (D:2)
  A ball python (D:2)
  A giant cockroach (D:2)
  A goblin (D:2)
  3 jackals (D:2)
  A quokka (D:1)
  A rat (D:1)
9 creatures vanquished.

Notes
Turn   | Place    | Note
-------+----------+-------------------------------------------
     0 | D:1      | LobsterGuardian the Felid Enchanter began the quest for the
                  | Orb.
     0 | D:1      | Reached XP level 1. HP: 7/7 MP: 4/4
   204 | D:2      | Reached XP level 2. HP: 11/11 MP: 6/6
   207 | D:2      | Learned a level 2 spell: Ensorcelled Hibernation
   250 | D:2      | Reached skill level 5 in Hexes
   284 | D:2      | Slain by a worm

Illustrated notes

Levels and vault maps discovered:
D:1:      lemuel_arrival_behind_the_door_small, layout_basic
D:2:      layout_loops_ring, chequers_ecumenical_altar_simple, basic_altar,
          uniq_crazy_yiuf_cottage, uniq_jessica, uniq_robin

Skill      XL: |  1  2 |
---------------+-------+-----
Dodging        | 3 |  3.0
Hexes          | 5 |  5.1
Stealth        | |  4.2
Unarmed Combat | |  1.1
Spellcasting   | |  2.0

Action                     || total
---------------------------++-------
  Melee: Unarmed           ||    33
         Bite              ||     6
   Cast: Ensorcelled Hiber ||     4
   Stab: Sleeping          ||     6
 Armour: Skin              ||     4
  Dodge: Dodged            ||    19

Table legend: (Time is in decaauts)
 A = Elapsed time spent in this place.
 B = Non-inter-level travel time spent in this place.
 C = Inter-level travel time spent in this place.
 D = Time resting spent in this place.
 E = Time spent auto-exploring this place.
 F = Levels seen in this place.
 G = Mean time per level.
                   A        B        C        D        E       F      G
               +--------+--------+--------+--------+--------+-----+--------+
         Total |    239 |    239 |      0 |      0 |    107 |   2 |  119.5 |
       Dungeon |    239 |    239 |      0 |      0 |    107 |   2 |  119.5 |
               +--------+--------+--------+--------+--------+-----+--------+

Top non-repeatable levels by time:
     D:2: 147 daAuts
     D:1: 91 daAuts
